 Dungeon Crawl Stone Soup version bcrawl-1.13.5 (webtiles) character file.

Game seed: 18276463744743881832

32 MisterOstroum the Sneak (level 3, 3/21 HPs)
             Began as a Vine Stalker Archaeologist on Aug 28, 2019.
             Quit the game on level 2 of the Dungeon.
             The game lasted 00:01:43 (808 turns).

MisterOstroum the Sneak (Vine Stalker Archaeologist) Turns: 808, Time: 00:01:44

Health: 3/21       AC:  6    Str: 14    XL:     3   Next: 25%
Magic:  4/4        EV: 13    Int: 14    God:
Gold:   92         SH:  0    Dex: 12    Spells: 2/2 levels left

rFire    . . .     SeeInvis .   a - +0 whip
rCold    . . .     Gourm    .   (no shield)
rNeg     . . .     Faith    .   b - +1 robe
rPois    .         Spirit   .   c - +1 hat
rElec    .         Reflect  .   (no cloak)
rCorr    .         Harm     .   (no gloves)
MR       .....                  d - +1 pair of boots
Stlth    +++.......             (no amulet)
HPRegen  0.47/turn              (no ring)
MPRegen  0.09/turn              (no ring)

@: studying Stealth
A: fangs 2, regeneration 1, no potion heal 3, rot immunity, strong jaws
a: no special abilities


You were on level 2 of the Dungeon.
You were not hungry.

You visited 1 branch of the dungeon, and saw 2 of its levels.

You collected 92 gold pieces.

Inventory:

Hand Weapons
 a - a +0 whip (weapon)
 r - a +0 dagger
Armour
 b - a +1 robe (worn)
 c - a +1 hat (worn)
 d - a +1 pair of boots (worn)
Jewellery
 o - an uncursed ring of magical power {unknown}
Scrolls
 i - 2 scrolls of teleportation {unknown}
 k - 2 scrolls of fog {unknown}
 l - 2 scrolls of remove curse {unknown}
 m - a scroll of identify {unknown}
 n - a scroll of enchant weapon {unknown}
Potions
 h - a potion of curing {unknown}
 j - a potion of agility {unknown}
 p - 3 potions of resistance {unknown}
Books
 g - a manual of Stealth
Miscellaneous
 f - an ancient crate
Comestibles
 e - 3 rations {!d}
 q - 5 chunks of flesh


   Skills:
 + Level 2.2 Fighting
 - Level 0.8 Maces & Flails
 - Level 3.0 Dodging
 + Level 5.3 Stealth


You had 2 spell levels left.
You didn't know any spells.
Your spell library was empty.

Dungeon Overview and Level Annotations

Branches:
Dungeon (2/12)

Altars:


Innate Abilities, Weirdness & Mutations

You have extremely sharp teeth.
Your natural rate of healing is unusually fast.
Potions cannot restore your health.
You are immune to rotting.
Your bites deal extra damage.


Message History

You closely miss the orc.
The orc is heavily wounded.
An orc comes into view. It is wielding a +0 hand axe.
The orc closely misses you.
You completely miss the orc.
The orc is heavily wounded.
The orc hits you with a +0 flail!
You barely miss the orc.
The orc is heavily wounded.
The orc barely misses you. The orc wizard closely misses you.
The orc shouts!
You hit the orc. You bite the orc.
You kill the orc!
You hear a shout!
The orc hits you with a +0 hand axe.
The orc wizard casts a spell.
The orc wizard blinks!
There is a stone staircase leading up here.
Things that are here:
a +0 flail; a +0 leather armour; an orc corpse The orc barely misses you.
You climb upwards.
There is a stone staircase leading down here.
You closely miss the orc. The orc closely misses you.
You hit the orc.
The orc is heavily wounded.
The orc hits you with a +0 hand axe.
You hit the orc but do no damage. Your bite misses the orc.
The orc is heavily wounded.
The orc hits you but does no damage.
You closely miss the orc.
The orc is heavily wounded.
The orc barely misses you.
You whack the orc!
You kill the orc!
No target in view!
No target in view!
No target in view!
No target in view!
No target in view!
No target in view!
Things that are here:
a +0 hand axe; a +0 leather armour There isn't anything to butcher here.
There is a stone staircase leading down here.
You start resting.
HP restored.
You climb downwards.
There is a stone staircase leading up here.
Things that are here:
a +0 leather armour; a +0 flail; an orc corpse The orc wizard points at you and mumbles some strange words.
The magic dart hits you!
You climb upwards.
There is a stone staircase leading down here.
HP restored.
There is a stone staircase leading down here.
You climb downwards.
There is a stone staircase leading up here.
The orc is too close now for your liking.
Wield which item (- for none, * to show all)? (? for menu, Esc to quit)
Okay, then.
The orc wizard shouts!
The orc shouts!
The orc wizard mumbles some strange words.
The orc wizard seems to speed up.
You hear a shout!
You hit the orc wizard.
The orc wizard is lightly wounded.
The orc wizard hits you with a +0 dagger.
The orc barely misses you.
A kobold comes into view.
The orc wizard hits you but does no damage.
You hit the orc wizard but do no damage.
The orc wizard is lightly wounded.
The orc barely misses you.
The orc wizard hits you but does no damage.
The kobold throws a stone.
The stone closely misses you.
You closely miss the orc wizard.
The orc wizard is lightly wounded.
The orc wizard completely misses you. The orc barely misses you.
The kobold throws a stone.
The stone closely misses you.
The orc wizard mumbles some strange words.
The orc wizard blinks!
The orc closely misses you. The orc completely misses you.
The orc wizard casts a spell at you. The magic dart hits you!
You barely miss the orc wizard.
The orc wizard is lightly wounded.
The orc wizard gestures at you while chanting.
The magic dart hits you! The orc hits you but does no damage.
The orc wizard hits you with a +0 dagger.
You hit the orc wizard.
You bite the orc wizard, but do no damage.
The orc wizard is heavily wounded.
The orc hits you with a +0 short sword!
* * * LOW HITPOINT WARNING * * *
The orc wizard gestures wildly while chanting.
The orc wizard blinks!
Are you sure you want to abandon this character and quit the game? (Confirm with "yes".)

##..........(...... #.
#...........##.....
#.###................##
#....>..........##...#
#..........<....# ..#
#..#.......K.....# .#.##
#................# .#.##
...####..........##.#.#
.....###@o...)..###.#.###
##......ยง......#.........
#.......####..)......# .
#.#...o.######[......##.
##.........##..>......
#....<....##.........
#....####..#.$.......
###### #............
......##......


You could see an orc wizard, an orc and a kobold.

Vanquished Creatures
  A dart slug (D:2)
  2 orcs
  5 bats
  4 goblins
  4 hobgoblins
  2 quokkas (D:2)
  A frilled lizard (D:1)
  5 kobolds
  2 rats (D:1)
26 creatures vanquished.

Notes
Turn   | Place    | Note
-------+----------+-------------------------------------------
     0 | D:1      | MisterOstroum the Vine Stalker Archaeologist began the
                  | quest for the Orb.
     0 | D:1      | Reached XP level 1. HP: 11/11 MP: 2/2
    23 | D:1      | Reached skill level 1 in Fighting
    92 | D:1      | Reached XP level 2. HP: 17/17 MP: 3/3
   677 | D:2      | Reached XP level 3. HP: 21/21 MP: 4/4
   680 | D:2      | Reached skill level 5 in Stealth
   808 | D:2      | Quit the game

Skill      XL: |  1  2  3 |
---------------+----------+-----
Fighting       | 1 2 |  2.2
Stealth        | 5 |  5.3
Maces & Flails | |  0.8
Dodging        | |  3.0

Action                   || total
-------------------------++-------
Melee: Whip              ||   105
       Bite              ||    12
Throw: Stone             ||     2
 Stab: Sleeping          ||     3
Armor: Robe              ||    25
Dodge: Dodged            ||   106
